 Dungeon Sprint DCSS version 0.29-a0-369-gd956c00756 (webtiles) character file.

Game seed: 2214732076302342947

34427 mhtbhm the Minotaur Blade (level 13, -4/145 HPs)
             Began as a Minotaur Berserker on May 1, 2022.
             Was a High Priest of Trog.
             Slain by Xiagaah the pandemonium lord (18 damage)
             ... in the Dungeon (Sprint IV: "Fedhas' Mad Dash").
             The game lasted 00:13:36 (7768 turns).

mhtbhm the Minotaur Blade (Minotaur Berserker)      Turns: 7768, Time: 00:13:37

Health: -4/145     AC: 22    Str: 26    XL:     13   Next: 42%
Magic:  4/4        EV: 15    Int:  9    God:    Trog [*****.]
Gold:   1          SH:  0    Dex:  6    Spells: 12/12 levels left

rFire   . . .      SeeInvis .   a - +13 great sword of Disgust {antimagic, Str+3 Dex-4}
rCold   . . .      Faith    .   (shield currently unavailable)
rNeg    . . .      Spirit   .   b - +7 chain mail of the Wary Ships {Str-4 Int+5}
rPois   .          Reflect  .   l - +1 hat
rElec   .          Harm     .   (no cloak)
rCorr   +          Rampage  .   (no gloves)
Will    .....      NoTele   +   (no boots)
Stlth   +.........              j - amulet of invisibility {+Inv}
HPRegen 0.34/turn               m - ring of resist corrosion
MPRegen 0.09/turn               p - +4 ring of evasion

@: on berserk cooldown, slowed, very slow
A: horns 2, retaliatory headbutt
0: Orb of Zot
a: Renounce Religion, Evoke Invisibility, Berserk, Trog's Hand, Brothers in Arms


You were in the Dungeon.
You worshipped Trog.
Trog was extremely pleased with you.
You visited 1 branch You collected 466 gold pieces.
You spent 465 gold pieces at shops.

Inventory:

Hand Weapons
 a - the +13 great sword of Disgust (weapon) {antimagic, Str+3 Dex-4}
   (Trog gifted it to you in the Dungeon)

   It reduces the magical energy of the wielder, and disrupts the spells and
   magical abilities of those it strikes.
   Natural abilities and divine invocations are not affected.
   Str:       It affects your strength (+3).
   Dex:       It affects your dexterity (-4).
Armour
 b - the +7 chain mail of the Wary Ships (worn) {Str-4 Int+5}
   (You found it in the Dungeon)

   Str:       It affects your strength (-4).
   Int:       It affects your intelligence (+5).
 e - the +5 faerie dragon scales {rCorr Int+9 Stlth+}
   (You took it off the Enchantress in the Dungeon)

   Int:       It affects your intelligence (+9).
   rCorr:     It protects you from acid and corrosion.
   Stlth:     It makes you more stealthy.
 l - a +1 hat (worn)
Jewellery
 j - the amulet of invisibility (around neck) {+Inv}
   (You found it in the Dungeon)

   [amulet of nothing]

   +Inv:      It lets you turn invisible.
 m - a ring of resist corrosion (left hand)
 p - a +4 ring of evasion (right hand)
 q - the amulet "Yrchurr" {Regen+ Dex+7}
   (You found it in the Dungeon)

   [amulet of regeneration]

   Dex:       It affects your dexterity (+7).
   Regen:     It increases your rate of health regeneration.
Scrolls
 i - a scroll of amnesia {unknown}
 k - a scroll of vulnerability {unknown}
 n - 3 scrolls of identify {unknown}
 o - a scroll of fog {unknown}
Potions
 f - 2 potions of magic
 g - a potion of berserk rage
Miscellaneous
 r - a lightning rod (4/4)


   Skills:
 + Level 21.7 Fighting
 + Level 23.5 Long Blades
 + Level 17.5 Armour
 + Level 9.4 Dodging
 + Level 13.2 Stealth
 + Level 11.3 Evocations


You had 12 spell levels left.
You didn't know any spells.
Your spell library was empty.

Dungeon Overview and Level Annotations

Branches:
Dungeon (1/1)

Altars:
Cheibriados
Dithmenos
Elyvilon
Gozag
Hepliaklqana
Kikubaaqudgha
Makhleb
Nemelex Xobeh
Okawaru
Qazlal
Ru
Sif Muna
Trog
Uskayaw
Vehumet
Wu Jian
Xom
Yredelemnul
Zin
The Shining One
Beogh
Jiyva
Lugonu

Shops:
D [:?[:[[[[[**(**(([[[:


Innate Abilities, Weirdness & Mutations

You have a pair of horns on your head.
You reflexively headbutt those who attack you in melee.


Message History

Unknown command.
Unknown command.
You feel a strong urge to attack something.
You are no longer berserk.
You are exhausted.
You feel as though you will be slow longer.
A Xiagaah and a red devil come into view.
The red devil attacks as you move away!
The red devil hits you but does no damage.
Xiagaah hits you! Xiagaah closely misses you. You furiously retaliate!
You headbutt Xiagaah, but do no damage.
The red devil hits you from afar with a +0 trident!
Barbed spikes become lodged in your body.
Unknown command.
Okay, then.
Okay, then.
Blink to where?
Press: ? - help, Dir - move target
As you read the scroll of blinking, it crumbles to dust.
Unknown command.
Your deep troll goes berserk!
Xiagaah hits you!
You writhe in agony!
An Orb Guardian comes into view.
Unknown command.
Your ogre goes berserk!
You carefully extract the barbed spikes from your body.
Xiagaah hits you!!
* * * LOW HITPOINT WARNING * * *
You writhe in agony.
* * * LOW HITPOINT WARNING * * *
Xiagaah hits you!!
* * * LOW HITPOINT WARNING * * *
Your deep troll completely misses Xiagaah.
Your deep troll claws Xiagaah!
Your deep troll completely misses Xiagaah.
Xiagaah closely misses you.
Your deep troll barely misses Xiagaah.
Your deep troll closely misses Xiagaah.
Your deep troll claws Xiagaah.
Unknown command.
You feel better. Xiagaah hits you!!
You die...

.)...##...P).'†#
P....'.......###
#################
∩∩∩#............#########
∩.∩'.)......)...'....)).#
∩∩∩#............#######)#
#######################)#
♣..♣..♣4.♣.X♣..♣..♣..♣.)#
............4).&@.O)))..#
♣..♣..♣..♣..♣..♣T.♣..♣..#
#########################
####....######......####
..................).)..♣#
..............#######...#
.......................♣#
####....######......####
# ###### #######


You could see Xiagaah (ally target), an Orb Guardian, a red devil, a friendly
deep troll (summoned, berserk) and a friendly ogre (summoned, berserk).

Vanquished Creatures
  the Enchantress (D)
  A Tzitzimitl (D)
  Agnes (D)
  2 ghost moths (D)
  5 spriggan defenders (D)
  4 spriggan berserkers (D)
  2 sun demons (D)
  4 spriggan druids (D)
  25 oklob plants (D)
  3 moths of wrath (D)
  4 demonic crawlers (D)
  3 burning bushes (D)
  2 queen bees (D)
  9 hornets (D)
  3 wandering mushrooms (D)
  4 scorpions (D)
  4 killer bees (D)
  5 oklob saplings (D)
  10 spriggans (D)
  A river rat (D)
  A rat (D)
  A ballistomycete spore (D)
  A bush (D)
96 creatures vanquished.

Vanquished Creatures (collateral kills)
  A spriggan defender (D)
  A spriggan berserker (D)
  A hornet (D)
  A spriggan (D)
4 creatures vanquished.

Vanquished Creatures (others)
  A ballistomycete spore (D)
  A bush (D)
  2 fungi (D)
4 creatures vanquished.

Grand Total: 104 creatures vanquished

Notes
Turn   | Place    | Note
-------+----------+-------------------------------------------
     0 | D        | mhtbhm the Minotaur Berserker began the quest for the Orb.
     0 | D        | Reached XP level 1. HP: 19/19 MP: 0/0
    11 | D        | Reached skill level 4 in Long Blades
    11 | D        | Reached XP level 2. HP: 28/28 MP: 1/1
    83 | D        | Noticed a scorpion
    84 | D        | Noticed an oklob sapling
    85 | D        | Killed an oklob sapling
    85 | D        | Reached ** piety under Trog
    86 | D        | Reached skill level 6 in Long Blades
    86 | D        | Reached XP level 3. HP: 37/37 MP: 2/2
    88 | D        | Killed a scorpion
    89 | D        | Reached skill level 7 in Long Blades
    89 | D        | Reached XP level 4. HP: 47/47 MP: 3/3
   134 | D        | Found the amulet of invisibility {+Inv}
   232 | D        | Found an opulent altar of Gozag.
   232 | D        | Found a hazy altar of Hepliaklqana.
   232 | D        | Found a burning altar of Makhleb.
   232 | D        | Found a sparkling altar of Nemelex Xobeh.
   232 | D        | Found a snail-covered altar of Cheibriados.
   232 | D        | Found a sacrificial altar of Ru.
   232 | D        | Found a shimmering blue altar of Sif Muna.
   232 | D        | Found a shimmering altar of Xom.
   232 | D        | Found a basalt altar of Yredelemnul.
   233 | D        | Found a viscous altar of Jiyva.
   233 | D        | Found a bloodstained altar of Trog.
   233 | D        | Found an ornate altar of the Wu Jian Council.
   234 | D        | Found an iron altar of Okawaru.
   234 | D        | Found a shadowy altar of Dithmenos.
   234 | D        | Found a glowing silver altar of Zin.
   235 | D        | Found an ancient bone altar of Kikubaaqudgha.
   235 | D        | Found a hide-covered altar of Uskayaw.
   236 | D        | Found a stormy altar of Qazlal.
   236 | D        | Found a white marble altar of Elyvilon.
   236 | D        | Found a glowing golden altar of the Shining One.
   237 | D        | Found a corrupted altar of Lugonu.
   237 | D        | Found a radiant altar of Vehumet.
   243 | D        | Reached skill level 8 in Long Blades
   243 | D        | Reached XP level 5. HP: 27/56 MP: 1/4
   567 | D        | Reached *** piety under Trog
   568 | D        | Reached skill level 9 in Long Blades
   568 | D        | Reached skill level 5 in Armour
   568 | D        | Reached skill level 1 in Evocations
   571 | D        | Reached skill level 5 in Dodging
   572 | D        | Reached skill level 10 in Long Blades
   572 | D        | Reached XP level 6. HP: 66/66 MP: 5/5
   613 | D        | Found Vymev's General Store.
   613 | D        | Found Ylacumme's Assorted Antiques.
   622 | D        | Noticed a burning bush
   622 | D        | Noticed a wandering mushroom
   855 | D        | Reached skill level 10 in Fighting
   894 | D        | Noticed a wandering mushroom
   902 | D        | Reached skill level 11 in Long Blades
  1180 | D        | Reached **** piety under Trog
  1296 | D        | Killed a burning bush
  1297 | D        | Reached skill level 12 in Long Blades
  1297 | D        | Reached XP level 7. HP: 75/75 MP: 6/6
  1299 | D        | Found Xaril's Antique Armour Emporium.
  1299 | D        | Found Danoucoo's Antique Armour Shoppe.
  1417 | D        | Noticed a queen bee
  1426 | D        | Reached skill level 13 in Long Blades
  1430 | D        | Reached skill level 1 in Stealth
  1430 | D        | Reached ***** piety under Trog
  1436 | D        | Killed a queen bee
  1437 | D        | Reached XP level 8. HP: 85/85 MP: 5/7
  1544 | D        | Noticed an oklob plant
  1558 | D        | Killed an oklob plant
  1559 | D        | Reached skill level 14 in Long Blades
  1725 | D        | Noticed a burning bush
  1743 | D        | Killed a burning bush
  1809 | D        | Noticed a burning bush
  1809 | D        | Noticed an oklob plant
  1810 | D        | Noticed a wandering mushroom
  1825 | D        | Killed a burning bush
  1825 | D        | Received a gift from Trog
  1826 | D        | Reached skill level 15 in Long Blades
  2017 | D        | Killed a wandering mushroom
  2018 | D        | Reached skill level 10 in Armour
  2018 | D        | Reached XP level 9. HP: 94/94 MP: 8/8
  2043 | D        | Killed an oklob plant
  2054 | D        | Identified the +7 chain mail of the Wary Ships {Str-4
                  | Int+5}
  2099 | D        | Noticed a spriggan druid
  2104 | D        | Killed a spriggan druid
  2105 | D        | Reached skill level 16 in Long Blades
  2105 | D        | Reached skill level 5 in Stealth
  2105 | D        | Reached skill level 5 in Evocations
  2140 | D        | Noticed an oklob plant conjurer
  2148 | D        | Killed an oklob plant conjurer
  2444 | D        | Noticed an oklob plant
  2444 | D        | Noticed an oklob plant summoner
  2445 | D        | Noticed an oklob plant shifter
  2455 | D        | Killed an oklob plant
  2461 | D        | Killed an oklob plant summoner
  2461 | D        | Identified the +13 great sword of Disgust {antimagic, Str+3
                  | Dex-4} (Trog gifted it to you in the Dungeon)
  2461 | D        | Received a gift from Trog
  2462 | D        | Reached XP level 10. HP: 91/104 MP: 7/9
  2557 | D        | Killed an oklob plant shifter
  2598 | D        | Noticed a spriggan rider
  2601 | D        | Reached ****** piety under Trog
  2602 | D        | Reached skill level 15 in Fighting
  2602 | D        | Reached skill level 17 in Long Blades
  2604 | D        | Killed a spriggan rider
  2612 | D        | Found Ziosk's Antique Armour Emporium.
  2616 | D        | Found Xiofig's Book Shoppe.
  2660 | D        | Noticed Agnes
  2668 | D        | Killed Agnes
  2810 | D        | Found Ubbom's Antique Weapon Emporium.
  2810 | D        | Noticed a spriggan berserker
  2820 | D        | Killed a spriggan berserker
  2821 | D        | Reached skill level 18 in Long Blades
  2991 | D        | Found Ownuz's Weapon Shoppe.
  2996 | D        | Noticed a spriggan defender
  3004 | D        | Killed a spriggan defender
  3005 | D        | Reached XP level 11. HP: 114/114 MP: 3/10
  3185 | D        | Noticed a spriggan rider
  3221 | D        | Killed a spriggan rider
  3222 | D        | Reached skill level 10 in Stealth
  3499 | D        | Received a gift from Trog
  3777 | D        | Killed a ghost moth
  3780 | D        | Reached skill level 19 in Long Blades
  3800 | D        | Found Orusk's Book Boutique.
  3800 | D        | Found Gacs's Magic Scroll Emporium.
  3800 | D        | Found Ocronite's Armour Shoppe.
  4036 | D        | Noticed an oklob plant shifter
  4036 | D        | Noticed an oklob plant meteorologist
  4040 | D        | Killed an oklob plant meteorologist
  4050 | D        | Killed an oklob plant shifter
  4050 | D        | Received a gift from Trog
  4104 | D        | Paralysed by a hornet for 3 turns
  4137 | D        | Noticed a spriggan rider
  4387 | D        | Found Agimpar's Book Shoppe.
  4387 | D        | Found Befalone's Antique Armour Boutique.
  4387 | D        | Found Pietugh's Armour Emporium.
  4388 | D        | Found Osaderphi's Antique Armour Shop.
  4388 | D        | Found Ateylip's Armour Shoppe.
  4389 | D        | Found Hesman's Antique Armour Emporium.
  4389 | D        | Found Afach's General Store.
  4389 | D        | Found Povoly's Antique Armour Boutique.
  4391 | D        | Noticed an oklob plant
  4393 | D        | Noticed an oklob plant
  4394 | D        | Noticed an oklob plant
  4395 | D        | Noticed an oklob plant
  4396 | D        | Noticed an oklob plant
  4397 | D        | Noticed an oklob plant
  4398 | D        | Noticed an oklob plant
  4402 | D        | Killed an oklob plant
  4403 | D        | Noticed an oklob plant
  4407 | D        | Killed an oklob plant
  4408 | D        | Noticed an oklob plant
  4410 | D        | Killed an oklob plant
  4410 | D        | Received a gift from Trog
  4411 | D        | Reached skill level 20 in Long Blades
  4411 | D        | Noticed an oklob plant
  4416 | D        | Killed an oklob plant
  4444 | D        | Bought a steaming cloak for 228 gold pieces
  4444 | D        | Identified the -2 cloak of Qoekk {rC+++ Will- Int+6} (You
                  | bought it in a shop in the Dungeon)
  4493 | D        | Noticed an oklob plant summoner
  4494 | D        | Found Distrah's Assorted Antiques.
  4495 | D        | Found Parphun's Weapon Shop.
  4501 | D        | Killed an oklob plant summoner
  4504 | D        | Noticed an oklob plant annihilator
  4505 | D        | Noticed an oklob plant demonologist
  4505 | D        | Noticed a spriggan berserker
  4516 | D        | Killed a spriggan berserker
  4550 | D        | Bought a pair of smoking gloves for 237 gold pieces
  4550 | D        | Identified the -5 pair of gloves "Weodaven" {rF- Str+7
                  | Dex+4} (You bought it in a shop in the Dungeon)
  4567 | D        | Killed an oklob plant annihilator
  4570 | D        | Killed an oklob plant demonologist
  4570 | D        | Received a gift from Trog
  4575 | D        | Identified the amulet "Yrchurr" {Regen+ Dex+7}
  4707 | D        | Noticed an oklob plant
  4714 | D        | Killed an oklob plant
  4715 | D        | Reached XP level 12. HP: 127/127 MP: 1/11
  4807 | D        | Reached skill level 21 in Long Blades
  4810 | D        | Identified the +5 great sword of Ziacegehoi {vorpal, rPois}
                  | (Trog gifted it to you in the Dungeon)
  4810 | D        | Received a gift from Trog
  4818 | D        | Reached skill level 10 in Evocations
  5004 | D        | Noticed a spriggan defender
  5010 | D        | Killed a spriggan defender
  5380 | D        | Noticed a spriggan defender
  5392 | D        | Received a gift from Trog
  5398 | D        | Killed a ghost moth
  5403 | D        | Reached skill level 15 in Armour
  5654 | D        | Noticed a spriggan defender
  5666 | D        | Killed a spriggan defender
  5818 | D        | Received a gift from Trog
  5933 | D        | Reached skill level 22 in Long Blades
  6135 | D        | Killed a spriggan defender
  6258 | D        | Received a gift from Trog
  6706 | D        | Noticed the Enchantress
  6729 | D        | Killed the Enchantress
  6730 | D        | Reached XP level 13. HP: 130/140 MP: 0/12
  6919 | D        | Received a gift from Trog
  7091 | D        | Received a gift from Trog
  7106 | D        | Reached skill level 23 in Long Blades
  7194 | D        | Noticed a spriggan defender
  7202 | D        | Killed a spriggan defender
  7369 | D        | Noticed a spriggan defender
  7380 | D        | Killed a spriggan defender
  7668 | D        | Got the Orb of Zot
  7716 | D        | Received a gift from Trog
  7740 | D        | Noticed a Tzitzimitl
  7751 | D        | Killed a Tzitzimitl
  7763 | D        | Noticed Xiagaah the pandemonium lord
  7767 | D        | Noticed an Orb Guardian
  7767 | D        | HP: 3/145 [Xiagaah the pandemonium lord (30)]
  7768 | D        | Slain by Xiagaah the pandemonium lord

Illustrated notes

Levels and vault maps discovered:
D:        dungeon_sprint_fedhas [sprint_temple]

Skill      XL: |  1  2  3  4  5  6  7  8  9 10 11 12 13 |
---------------+----------------------------------------+-----
Fighting       | 4 6 7 8 9 11 12 13 14 15 17 20 21 | 21.7
Long Blades    | 4 6 7 8 10 12 13 15 16 18 20 22 23 | 23.5
Armour         | 3 4 5 7 8 10 11 14 16 17 | 17.5
Dodging        | 3 4 5 6 7 8 9 |  9.4
Evocations     | 1 2 4 5 8 9 10 11 | 11.3
Stealth        | 1 3 6 9 10 12 13 | 13.2

Action                   |  1- 3 |  4- 6 |  7- 9 | 10-12 | 13-15 || total
-------------------------+-------+-------+-------+-------+-------++-------
Melee: Falchion          |     8 |    34 |    76 |       |       ||   118
       Headbutt          |     2 |     7 |    42 |    44 |     3 ||    98
       Scimitar          |       |       |    34 |     5 |       ||    39
       Great sword       |       |       |       |   215 |    43 ||   258
Invok: Berserk           |     2 |     6 |     3 |    11 |     2 ||    24
       Brothers in Arms  |       |       |       |     4 |     3 ||     7
 Abil: Evoke Invisibilit |       |     1 |     4 |     7 |     3 ||    15
Evoke: Lightning rod     |       |       |       |     2 |       ||     2
  Use: Potion            |       |       |       |     3 |     2 ||     5
       Scroll            |       |       |       |       |     1 ||     1
 Stab: Invisible         |       |       |    11 |    12 |       ||    23
       Sleeping          |       |       |     1 |     2 |     2 ||     5
       Distracted        |       |       |       |     1 |       ||     1
Armor: Ring mail         |       |     2 |       |       |       ||     2
       Chain mail        |       |       |     1 |    62 |    13 ||    76
Dodge: Dodged            |     1 |     9 |    22 |    62 |    14 ||   108

Table legend: (Time is in decaauts)
 A = Elapsed time spent in this place.
 B = Non-inter-level travel time spent in this place.
 C = Inter-level travel time spent in this place.
 D = Time resting spent in this place.
 E = Time spent auto-exploring this place.
 F = Levels seen in this place.
 G = Mean time per level.
                   A        B        C        D        E       F      G
               +--------+--------+--------+--------+--------+-----+--------+
         Total |   7862 |   7717 |    145 |   6005 |      0 |   1 | 7862.0 |
       Dungeon |   7862 |   7717 |    145 |   6005 |      0 |   1 | 7862.0 |
               +--------+--------+--------+--------+--------+-----+--------+

Top non-repeatable levels by time:
       D: 7862 daAuts
